 Dungeon Crawl Stone Soup version 0.31-a0-37-g98a128e1d9 (webtiles) character file.

Game seed: 1768935623212256128

13 senseless the Insei (level 2, -3/21 HPs)
             Began as a Demonspawn Transmuter on May 15, 2023.
             Killed from afar by a dart slug (4 damage)
             ... with a slug dart
             ... on level 1 of the Dungeon.
             The game lasted 00:01:15 (169 turns).

senseless the Insei (Demonspawn Transmuter)          Turns: 169, Time: 00:01:17

Health: -3/21      AC:  2    Str: 10    XL:     2   Next: 24%
Magic:  5/5        EV: 12    Int: 14    God:
Gold:   0          SH:  0    Dex: 13    Spells: 4/5 levels left

rFire   . .          .
                       - Unarmed
rCold   . . .        (no shield)
rNeg    . . .        a - +0 robe
rPois   .            (helmet currently unavailable)
rElec   .            (no cloak)
rCorr   .            (no gloves)
SInv    .            (boots currently unavailable)
Will    .....        (no amulet)
Stlth   +            (no ring)
HPRegen 0.23/turn    (no ring)
MPRegen 0.18/turn

%: no passive effects
@: appendages (expiring)
A: horns 2, talons 2, magic regeneration
a: End Transformation


You were on level 1 of the Dungeon.
You had temporarily grown beastly horns and talons.
You visited 1 branch of the dungeon, and saw 1 of its levels.

Inventory:

Armour
 a - a +0 robe (worn)
Potions
 b - a potion of lignification


   Skills:
 + Level 1.3 Fighting
 + Level 2.0 Dodging
 + Level 2.8 Unarmed Combat
 + Level 2.1 Spellcasting
 + Level 2.0 Transmutations


You had 4 spell levels left.
You knew the following spells:

 Your Spells              Type           Power      Damage    Failure   Level
a - Beastly Appendage     Tmut           14%        N/A       11%         1

Your spell library contained the following spells:

 Spells                   Type           Power      Damage    Failure   Level
 Wereblood                Tmut           7%         N/A       16%         2
 Spider Form              Tmut/Pois      4%         N/A       43%         3
 Ice Form                 Ice/Tmut       4%         N/A       83%         4


Dungeon Overview and Level Annotations

Branches:
Dungeon (1/15)

Altars:


Innate Abilities, Weirdness & Mutations

You have temporarily grown beastly horns and talons.
You regenerate magic rapidly.


Message History

The jackal misses you.
You hit the jackal.
You kill the jackal!
The bat barely misses you. The dart slug launches a dart at you.
The slug dart misses you. The jackal bites you.
* * * LOW HITPOINT WARNING * * *
Your Dodging skill increases to level 2!
Your Transmutations skill increases to level 2!
You hit the jackal but do no damage. Your kick misses the jackal.
Your headbutt misses the jackal.
The jackal is moderately wounded.
The bat misses you. The jackal bites you.
* * * LOW HITPOINT WARNING * * *
You hit the jackal.
The jackal is heavily wounded.
The bat closely misses you. The jackal closely misses you.
The jackal bites you but does no damage.
You closely miss the jackal. Your kick misses the jackal.
The jackal is heavily wounded.
The bat closely misses you. The jackal closely misses you.
The dart slug bites you.
* * * LOW HITPOINT WARNING * * *
You barely miss the jackal. You claw the jackal.
You kill the jackal!
The bat hits you.
* * * LOW HITPOINT WARNING * * *
You hit the endoplasm.
You kill the endoplasm!
The bat hits you.
* * * LOW HITPOINT WARNING * * *
The dart slug bites you but does no damage.
You hit the dart slug.
You claw the dart slug, but do no damage.
You headbutt the dart slug.
The dart slug is severely wounded.
The bat misses you. The dart slug launches a dart at you.
The slug dart hits you.
You die...

###.. ........ ....#
## ....>. ....###...
...... ..........
##.##.# ......#
#..##.# ..h# #..##.#
...#########.....#
.#..#....#...b.#†#
..#......w.....#@#####
#.......h......w.....#
#####....#...††..b...#
######....†......#
##....†......#
#####.....(......#
#####................#
......####.....##..###
####### #########.###


You could see a dart slug and a bat.

Vanquished Creatures
  2 bats (D:1)
  An endoplasm (D:1)
  A hobgoblin (D:1)
  3 jackals (D:1)
  3 ball pythons (D:1)
  A rat (D:1)
11 creatures vanquished.

Notes
Turn   | Place    | Note
-------+----------+-------------------------------------------
     0 | D:1      | senseless the Demonspawn Transmuter began the quest for the
                  | Orb.
     0 | D:1      | Reached XP level 1. HP: 15/15 MP: 3/3
   129 | D:1      | Found a faded altar of an unknown god.
   155 | D:1      | Gained mutation: You regenerate magic rapidly. [demonic
                  | ancestry]
   155 | D:1      | Reached XP level 2. HP: 15/21 MP: 3/5
   168 | D:1      | HP: 1/21 [bat (1)]
   169 | D:1      | Killed from afar by a dart slug

Illustrated notes

Levels and vault maps discovered:
D:1:      dpeg_arrival_houses_and_road, layout_rooms,
          hellmonk_ecumenical_altar_dog_temple, minmay_pentomino_o2

Skill      XL: |  1  2 |
---------------+-------+-----
Dodging        | 2 |  2.0
Transmutations | 2 |  2.0
Fighting       | |  1.3
Unarmed Combat | |  2.8
Spellcasting   | |  2.1

Action                     || total
---------------------------++-------
  Melee: Unarmed           ||    31
         Kick              ||     7
         Headbutt          ||     6
   Cast: Beastly Appendage ||     3
 Armour: Robe              ||    11
  Dodge: Dodged            ||    58

Table legend: (Time is in decaauts)
 A = Elapsed time spent in this place.
 B = Non-inter-level travel time spent in this place.
 C = Inter-level travel time spent in this place.
 D = Time resting spent in this place.
 E = Time spent auto-exploring this place.
 F = Levels seen in this place.
 G = Mean time per level.
                   A        B        C        D        E       F      G
               +--------+--------+--------+--------+--------+-----+--------+
         Total |    167 |    167 |      0 |      0 |    103 |   1 |  167.0 |
       Dungeon |    167 |    167 |      0 |      0 |    103 |   1 |  167.0 |
               +--------+--------+--------+--------+--------+-----+--------+

Top non-repeatable levels by time:
     D:1: 167 daAuts
